 Dungeon Crawl Stone Soup version 0.30.0-29-ga12c61a403 (webtiles) character file.

Game seed: 14210316240254756122

1405 croobank the Chiller (level 8, 0/54 HPs)
             Began as a Demonspawn Ice Elementalist on June 23, 2023.
             Was a Follower of Hepliaklqana.
             Killed from afar by a white imp (11 damage)
             ... with a puff of frost
             ... on level 6 of the Dungeon.
             The game lasted 00:27:54 (5216 turns).

croobank the Chiller (Demonspawn Ice Elementalist)  Turns: 5216, Time: 00:27:55

Health: 0/54       AC: 10    Str:  8    XL:     8   Next: 42%
Magic:  10/14      EV: 18    Int: 19    God:    Hepliaklqana [*.....]
Gold:   47         SH:  0    Dex: 14    Spells: 7/15 levels left

rFire   . . .        h - +0 trident
rCold   . . .        (no shield)
rNeg    . . .        d - +0 robe
rPois   .            (helmet restricted)
rElec   .            A - +1 cloak
rCorr   .            (no gloves)
SInv    .            (no boots)
Will    .....        n - amulet of faith
Stlth   +++          e - +5 ring of evasion
HPRegen 0.29/turn    B - ring of wizardry
MPRegen 0.14/turn

%: faith, wizardry (x1)
@: ice-armoured
A: reduced essence, horns 1, powered by death 1, weakness stinger 2, demonic
touch 1
a: Renounce Religion, Recall Ancestor, Ancestor Identity


You were on level 6 of the Dungeon.
You worshipped Hepliaklqana.
Hepliaklqana was aware of your devotion.
You visited 2 branches of the dungeon, and saw 7 of its levels.

You collected 215 gold pieces.
You spent 168 gold pieces at shops.

Inventory:

Hand Weapons
 a - a +4 flail of protection
 b - a +0 sling
 h - a +0 trident (weapon)
 i - a +2 whip of electrocution
 k - a +0 dagger of electrocution
 q - a +0 war axe
Armour
 d - a +0 robe (worn)
 p - a +0 ring mail
 A - a +1 cloak (worn)
Jewellery
 e - a +5 ring of evasion (left hand)
 n - an amulet of faith (around neck)
 B - a ring of wizardry (right hand)
Scrolls
 r - a scroll of poison
Potions
 f - 2 potions of flight
 g - 2 potions of magic
 j - 8 potions of curing
 l - a potion of mutation
 o - a potion of invisibility {unknown}
 s - a potion of resistance {unknown}
 v - a potion of haste {unknown}
 w - a potion of lignification {unknown}
 x - 2 potions of cancellation {unknown}
 z - a potion of heal wounds {unknown}
 C - a potion of ambrosia {unknown}


   Skills:
 + Level 3.8 Fighting
 + Level 4.1 Dodging
 + Level 4.5 Stealth
 + Level 4.2 Spellcasting
 - Level 3.1 Hexes
 + Level 5.2 Ice Magic
 + Level 3.8 Invocations


You had 7 spell levels left.
You knew the following spells:

 Your Spells              Type           Power      Damage    Failure   Level
a - Freeze                Ice            96%        1d10      1%          1
b - Slow                  Hex            60%        N/A       1%          1
c - Frozen Ramparts       Ice            48%        1d8       1%          3
d - Ozocubu's Armour      Ice            24%        N/A       1%          3

Your spell library contained the following spells:

 Spells                   Type           Power      Damage    Failure   Level
 Confusing Touch          Hex            15%        N/A       4%          3
 Static Discharge         Conj/Air       8%         2-3/arc   9%          2
 Inner Flame              Hex/Fire       9%         N/A       9%          3
 Vampiric Draining        Necr           4%         2d6       16%         3
 Summon Ice Beast         Ice/Summ       14%        N/A       17%         4
 Airstrike                Air            2%         2d(1-17)  45%         4
 Summon Lightning Spire   Summ/Air       4%         N/A       45%         4
 Yara's Violent Unravell  Hex/Tmut       4%         3d4       58%         5
 Enfeeble                 Hex            7%         N/A       100%        7


Dungeon Overview and Level Annotations

Branches:
Dungeon (6/15)             Temple (1/1) D:5

Altars:
Ashenzari
Cheibriados
Fedhas
Gozag
Hepliaklqana
Okawaru
Qazlal
Ru
Sif Muna
Trog
Uskayaw
Vehumet

Shops:
D:5 *

Annotations:
D:3 Sigmund


Innate Abilities, Weirdness & Mutations

Your life essence is reduced to manifest your ancestor. (-10% HP)
You have a pair of small horns on your head.
You regenerate a little health from kills.
You have a tail ending in a sharp stinger.
Your touch may inflict minor irresistible damage on your foes.


Message History

A white imp comes into view.
Menkaure calls on the powers of darkness!
Your body is wracked with pain!
Ramose hits Menkaure.
You barely miss Menkaure.
Menkaure is heavily damaged.
Ramose hits Menkaure.
Menkaure calls on the powers of darkness!
Your body is wracked with pain!
* * * LOW HITPOINT WARNING * * *
You are too injured to fight recklessly!
You are too injured to fight recklessly!
Casting: Freeze (safe; 1% risk of failure)
Confirm with . or Enter, or press ? or * to list all spells.
Aiming: Freeze (safe; 1% risk of failure)
Press: ? - help, Shift-Dir - straight line, f - Menkaure
Aim: Menkaure (severely damaged, not watching you, ally target)
You freeze Menkaure.
Menkaure resists.
Menkaure is almost destroyed.
The white imp gestures at you. The puff of frost hits you.
* * * LOW HITPOINT WARNING * * *
Ramose hits Menkaure.
Menkaure is destroyed!
What are your orders? t - Shout!
Orders for allies: a - Attack new target. r - Retreat! s - Stop attacking. g - Guard the area. f - Follow me.
Anything else - Cancel.
Gang up on whom?
Press: ? - help, Dir - move target, f - white imp
Aim: a white imp (ally target) Attack!
The white imp shouts, "Get thee gone, thou pandering knotty-pated varlet!"
Casting: Freeze (safe; 1% risk of failure)
Confirm with . or Enter, or press ? or * to list all spells.
A film of ice covers your body! The white imp gestures at you.
The puff of frost hits you!
You die...

#. ....# #. ......
.. ...... .. #####
...... ..
...###5..... ..
#.......... .. ..
#...!R..... ..
..#######..@.......
............#......
............# .....
............# ....
........)...# ...
##### .###.......#
.. ...# # #.......#
. #.### #.......#
####..##
#.......###
#.).†...


You could see the friendly Ramose the ancestor and a white imp (ally target).

Vanquished Creatures
  Edmund (D:4)
  3 water moccasins
  2 ice beasts
  An ogre (D:5)
  A scorpion (D:6)
  2 jellies
  A gnoll bouda (D:6)
  A hound (D:5)
  2 orc priests (D:4)
  An iguana (D:6)
  Terence (D:2)
  4 gnolls (D:6)
  4 adders
  An ufetubus (D:4)
  A worm (D:3)
  4 dart slugs
  7 orcs
  A bat (D:2)
  7 endoplasms
  A giant cockroach (D:2)
  6 goblins
  4 hobgoblins
  6 jackals (D:2)
  A kobold (D:1)
  4 quokkas
  A ball python (D:4)
  A frilled lizard (D:2)
  2 rats (D:1)
71 creatures vanquished.

Vanquished Creatures (collateral kills)
  Menkaure (D:6)
  An ice beast (D:5)
  A sleepcap (D:6)
  A gnoll (D:6)
  A shadow imp (D:6)
5 creatures vanquished.

Vanquished Creatures (others)
  2 ancestors (D:6)
2 creatures vanquished.

Grand Total: 78 creatures vanquished

Notes
Turn   | Place    | Note
-------+----------+-------------------------------------------
     0 | D:1      | croobank the Demonspawn Ice Elementalist began the quest
                  | for the Orb.
     0 | D:1      | Reached XP level 1. HP: 13/13 MP: 3/3
   783 | D:2      | Gained mutation: You regenerate a little health from kills.
                  | [demonic ancestry]
   783 | D:2      | Reached XP level 2. HP: 18/20 MP: 1/5
   845 | D:2      | Noticed Terence
  1133 | D:2      | Learned a level 1 spell: Slow
  1149 | D:2      | Discovered your monstrous ancestry.
  1149 | D:2      | Gained mutation: Your touch may inflict minor irresistible
                  | damage on your foes. [demonic ancestry]
  1149 | D:2      | Reached XP level 3. HP: 25/25 MP: 3/6
  1257 | D:2      | Reached skill level 1 in Fighting
  1312 | D:2      | Killed Terence
  1313 | D:2      | Reached skill level 1 in Hexes
  1528 | D:2      | Gained mutation: You have a small tail. [demonic ancestry]
  1528 | D:2      | Reached XP level 4. HP: 32/32 MP: 5/7
  2121 | D:3      | Noticed Sigmund
  2333 | D:4      | Noticed Edmund
  2341 | D:4      | Killed Edmund
  2342 | D:4      | Reached skill level 4 in Ice Magic
  2342 | D:4      | Reached XP level 5. HP: 7/38 MP: 1/9
  2538 | D:4      | Noticed a water moccasin
  2545 | D:4      | Killed a water moccasin
  2546 | D:4      | Gained mutation: You have a pair of small horns on your
                  | head. [demonic ancestry]
  2546 | D:4      | Reached XP level 6. HP: 44/44 MP: 6/10
  3373 | D:5      | Entered Level 5 of the Dungeon
  3422 | D:5      | Found a staircase to the Ecumenical Temple.
  3426 | D:5      | Found Gouv Xui's Assorted Antiques.
  3437 | Temple   | Entered the Ecumenical Temple
  3653 | Temple   | Became a worshipper of Hepliaklqana the Forgotten
  3658 | Temple   | Learned a level 3 spell: Frozen Ramparts
  3662 | Temple   | Learned a level 3 spell: Ozocubu's Armour
  3810 | D:5      | Reached XP level 7. HP: 31/51 MP: 0/11
  3907 | D:5      | Reached skill level 1 in Invocations
  4159 | D:5      | Found an opulent altar of Gozag.
  4230 | D:5      | Reached * piety under Hepliaklqana
  4506 | D:5      | Bought a scroll of identify for 56 gold pieces
  4506 | D:5      | Bought 2 scrolls of identify for 112 gold pieces
  4955 | D:6      | Gained mutation: You have a tail ending in a sharp stinger.
                  | [demonic ancestry]
  4955 | D:6      | Reached XP level 8. HP: 52/52 MP: 13/13
  4971 | D:6      | Reached skill level 5 in Ice Magic
  5208 | D:6      | Noticed Menkaure
  5214 | D:6      | Killed Menkaure
  5216 | D:6      | Killed from afar by a white imp

Illustrated notes

Levels and vault maps discovered:
D:1:      spicycebolla_arrival_ecumenical, layout_basic
D:2:      layout_loops_ring, kennysheep_boxes, uniq_terence
D:3:      layout_basic, grunt_temple_overflow_champion_of_chaos,
          nicolae_overflow_hallway_of_the_gods, uniq_sigmund
D:4:      layout_gridville, minivault_11, roderic_lattice_a, uniq_edmund
D:5:      layout_loops_ring, kennysheep_mini_moat, minmay_temple_entry_arrows,
          serial_shops, nicolae_shop_tiny_real_fake_doors,
          kennysheep_generic_room_9
D:6:      layout_basic, minivault_1, uniq_menkaure
Temple:   nicolae_temple_figure_eight

Skill      XL: |  1  2  3  4  5  6  7  8 |
---------------+-------------------------+-----
Dodging        | 2 3 4 |  4.1
Stealth        | 2 3 4 |  4.5
Fighting       | 1 2 3 |  3.8
Hexes          | 1 2 3 |  3.1
Ice Magic      | 4 5 |  5.2
Spellcasting   | 3 4 |  4.2
Invocations    | 2 3 |  3.8

Action                     |  1- 3 |  4- 6 |  7- 9 || total
---------------------------+-------+-------+-------++-------
  Melee: Dagger            |     1 |    18 |    18 ||    37
         Unarmed           |     1 |       |       ||     1
         Touch             |       |     6 |     8 ||    14
         Tailslap          |       |     3 |     6 ||     9
         Flail             |       |    20 |    14 ||    34
         Headbutt          |       |     2 |    12 ||    14
         Trident           |       |       |    14 ||    14
         Punch             |       |       |     2 ||     2
   Fire: Sling             |    47 |    71 |       ||   118
   Cast: Freeze            |    27 |    26 |     6 ||    59
         Slow              |     1 |     9 |     3 ||    13
         Frozen Ramparts   |       |     1 |     7 ||     8
         Ozocubu's Armour  |       |       |     7 ||     7
    Use: Scroll            |       |     3 |     8 ||    11
   Stab: Sleeping          |     1 |     2 |       ||     3
 Armour: Robe              |     3 |     5 |    13 ||    21
  Dodge: Dodged            |    18 |    91 |    35 ||   144
